 Dungeon Crawl Stone Soup version 0.28.0-45-g0d030f2227 (webtiles) character file.

Game seed: 1503910467471855385

409 Zeld the Chopper (level 6, -1/55 HPs)
             Began as a Minotaur Delver on Apr 15, 2022.
             Was a Believer of Trog.
             Slain by an iguana (9 damage)
             ... on level 4 of the Dungeon.
             The game lasted 00:04:48 (4843 turns).

Zeld the Chopper (Minotaur Delver)                  Turns: 4843, Time: 00:04:49

Health: -1/55      AC:  7    Str: 25    XL:     6   Next: 58%
Magic:  5/5        EV: 12    Int:  7    God:    Trog [**....]
Gold:   187        SH:  0    Dex: 11    Spells: 5/5 levels left

rFire   . . .      SeeInvis .   a - +0 hand axe
rCold   . . .      Faith    .   (no shield)
rNeg    . . .      Spirit   .   b - +3 leather armour
rPois   .          Reflect  .   q - +0 hat
rElec   .          Harm     .   (no cloak)
rCorr   .          Rampage  .   (no gloves)
Will    ++...                   p - +0 pair of boots
Stlth   ++........              (no amulet)
HPRegen 1.18/turn               c - +6 ring of strength
MPRegen 0.09/turn               (no ring)

@: strong-willed, regenerating, studying Fighting
A: horns 2, retaliatory headbutt
a: Renounce Religion, Berserk, Trog's Hand


You were on level 4 of the Dungeon.
You worshipped Trog.
Trog was pleased with you.
You visited 1 branch of the dungeon, and saw 5 of its levels.

You collected 187 gold pieces.

Inventory:

Hand Weapons
 a - a +0 hand axe (weapon)
Armour
 b - a +3 leather armour (worn)
 p - a +0 pair of boots (worn)
 q - a +0 hat (worn)
Jewellery
 c - a +6 ring of strength (left hand)
Wands
 g - a wand of digging (3)
Scrolls
 d - a scroll of magic mapping
 e - a scroll of fear
 h - 7 scrolls of identify {unknown}
 j - 2 scrolls of enchant weapon {unknown}
 m - a scroll of amnesia {unknown}
 n - a scroll of vulnerability {unknown}
 r - a scroll of teleportation {unknown}
Potions
 f - 2 potions of haste
 i - a potion of brilliance {unknown}
 k - 2 potions of heal wounds {unknown}
 l - a potion of flight {unknown}
 o - a potion of curing {unknown}
 s - a potion of ambrosia {unknown}


   Skills:
 * Level 4.8 Fighting
 * Level 5.0 Axes
 + Level 2.8 Armour
 + Level 3.4 Dodging
 + Level 4.7 Stealth
 + Level 2.0 Evocations


You had 5 spell levels left.
You didn't know any spells.
Your spell library was empty.

Dungeon Overview and Level Annotations

Branches:
Dungeon (5/15)
 Temple: D:4-7

Altars:
Cheibriados
Gozag
Trog
Uskayaw
The Shining One

Shops:
D:2 =

Annotations:
D:5 exclusions: jelly and zombie


Innate Abilities, Weirdness & Mutations

You have a pair of horns on your head.
You reflexively headbutt those who attack you in melee.


Message History

The iguana bites you but does no damage.
The gnoll hits you with a +0 club. The gnoll barely misses you.
You slash the gnoll!
You kill the gnoll!
Trog accepts your kill.
You hit the iguana. You hit the gnoll.
The iguana bites you but does no damage.
The gnoll hits you from afar with a +0 halberd.
The gnoll hits you but does no damage.
You hit the gnoll.
The gnoll is heavily wounded.
You barely miss the iguana. You barely miss the gnoll. The gnoll misses you.
You furiously retaliate!
You headbutt the gnoll! The iguana closely misses you. The gnoll misses you.
The gnoll barely misses you.
Unknown command.
You closely miss the gnoll.
The gnoll is severely wounded.
You closely miss the gnoll. You hit the iguana. The gnoll barely misses you.
The iguana misses you. You furiously retaliate!
You headbutt the iguana, but do no damage.
The gnoll barely misses you. The gnoll hits you with a +0 whip.
Unknown command.
You hit the gnoll but do no damage.
The gnoll is severely wounded.
You barely miss the iguana. You hit the gnoll.
You kill the gnoll!
Trog accepts your kill. The iguana bites you! The gnoll closely misses you.
The gnoll barely misses you. The gnoll completely misses you.
The iguana closely misses you. You furiously retaliate!
You headbutt the iguana. The iguana bites you!
The gnoll hits you from afar with a +0 halberd!
* * * LOW HITPOINT WARNING * * *
The iguana bites you!
* * * LOW HITPOINT WARNING * * *
Your skin crawls.
You feel strong-willed. The gnoll misses you. The iguana bites you!
You die...

#.# .....# #.# #.#
.....# #.# ###
#.##.....# #.# #..
..#......# #.# #.#
###......# #.# ####.#
#gg....# #.# ##....##
#g###########.#
##..#...## #l# #.......#
## ###[.#.....####@#
#.####### #.
##...##..........#####.#
#.
.....#..(....##..>.....#
#.
##[.##...#....##.#######
###.
.'..##.....)..:#....#
#...
.#..###......#.####.#
#.#. .##.####...##..#
##.## ##.#.
.##..#######..## #...#
##..[. .'.#..####....#
#...#######...).


You could see an iguana, 2 gnolls and a hobgoblin.

Vanquished Creatures
  A phantom (D:2)
  2 jellies (D:4)
  A gnoll shaman (D:4)
  An orc priest (D:3)
  A scorpion zombie (D:4)
  An iguana (D:4)
  5 adders
  2 gnolls (D:4)
  An adder zombie (D:4)
  2 worms
  2 dart slugs
  12 orcs
  10 endoplasms
  2 giant cockroaches
  8 goblins
  6 hobgoblins
  2 jackals (D:1)
  2 quokkas
  5 ball pythons
  5 bats
  5 frilled lizards
  10 kobolds
  5 rats
91 creatures vanquished.

Vanquished Creatures (others)
  A demonic plant (D:2)
1 creature vanquished.

Grand Total: 92 creatures vanquished

Notes
Turn   | Place    | Note
-------+----------+-------------------------------------------
     0 | D:5      | Zeld the Minotaur Delver began the quest for the Orb.
     0 | D:5      | Reached XP level 1. HP: 19/19 MP: 0/0
    19 | D:5      | Noticed a jelly
    44 | D:5      | Found a bloodstained altar of Trog.
    67 | D:5      | Became a worshipper of Trog the Wrathful
    92 | D:5      | Noticed a hound
   174 | D:4      | Noticed a gnoll shaman
   263 | D:4      | Found a snail-covered altar of Cheibriados.
   445 | D:2      | Reached XP level 2. HP: 27/27 MP: 1/1
   683 | D:2      | Reached skill level 1 in Armour
   716 | D:2      | Reached skill level 3 in Axes
   744 | D:2      | Reached XP level 3. HP: 15/33 MP: 2/2
  1351 | D:1      | Reached * piety under Trog
  1927 | D:2      | Noticed a phantom
  1993 | D:2      | Reached XP level 4. HP: 25/40 MP: 3/3
  2114 | D:2      | Found Deor's Jewellery Boutique.
  2151 | D:2      | Reached skill level 1 in Evocations
  2595 | D:2      | Killed a phantom
  2596 | D:2      | Reached skill level 4 in Axes
  2596 | D:2      | Reached XP level 5. HP: 45/46 MP: 4/4
  2865 | D:2      | Found a faded altar of an unknown god.
  3301 | D:3      | Found a faded altar of an unknown god.
  3305 | D:3      | Found an opulent altar of Gozag.
  4215 | D:4      | Reached ** piety under Trog
  4362 | D:4      | Reached XP level 6. HP: 50/53 MP: 5/5
  4518 | D:4      | Reached skill level 5 in Axes
  4646 | D:4      | Found a hide-covered altar of Uskayaw.
  4746 | D:4      | Found a glowing golden altar of the Shining One.
  4843 | D:4      | Slain by an iguana

Illustrated notes

Levels and vault maps discovered:
D:1:      elethiomel_arrival_fortress_basement, layout_loops_ring
D:2:      layout_basic, serial_shops, nicolae_shop_waterfront,
          dreamdust_ecumenical_altar_sealed_demon, minmay_misc_feat_tiny,
          skrybe_limestone_x, minmay_tetromino_l4
D:3:      layout_loops_ring, nicolae_overflow_ecumenical_swirl
D:4:      layout_loops_cross, mainiacjoe_overflow_swirl,
          mainiacjoe_overflow_six_doors_small, nicolae_tso_swordbearing_angel,
          slow_altar_1, minmay_manual_moon
D:5:      layout_loops_corners, trog_three_pillars_becter

Skill      XL: |  1  2  3  4  5  6 |
---------------+-------------------+-----
Armour         | 1 2 |  2.8
Axes           | 3 4 5 |  5.0
Fighting       | 4 |  4.8
Evocations     | 1 2 |  2.0
Dodging        | 3 |  3.4
Stealth        | |  4.7

Action                   |  1- 3 |  4- 6 || total
-------------------------+-------+-------++-------
Melee: Hand axe          |    83 |    96 ||   179
       Headbutt          |    14 |    23 ||    37
       Punch             |     1 |       ||     1
Invok: Berserk           |       |     1 ||     1
       Trog's Hand       |       |     1 ||     1
 Stab: Sleeping          |    16 |     5 ||    21
Armor: Leather armour    |    17 |    30 ||    47
Dodge: Dodged            |    44 |    77 ||   121
